 Dungeon Crawl Stone Soup version 0.24-a0-581-gc0fa6600bf (webtiles) character file.

Game seed: 1958475292930213878

24882 Eightlegvermin the Quickloader (level 13, -2/70 HPs)
             Began as a Kobold Arcane Marksman on Aug 24, 2019.
             Was a High Priest of Okawaru.
             Slain by a soldier ant (9 damage)
             ... on level 3 of the Lair of Beasts on Aug 25, 2019.
             The game lasted 02:35:36 (25114 turns).

Eightlegvermin the Quickloader (KoAM)              Turns: 25114, Time: 02:35:37

Health: -2/70      AC: 17    Str: 10    XL:     13   Next: 46%
Magic:  20/22      EV: 25    Int: 14    God:    Okawaru [*****.]
Gold:   877        SH:  0    Dex: 22    Spells: 10/24 levels left

rFire    . . .     SeeInvis .   b - +10 war axe of Descent {chop, rC++}
rCold    + . .     Gourm    .   (shield restricted)
rNeg     + . .     Faith    .   j - +1 steam dragon scales
rPois    +         Spirit   .   y - +2 helmet
rElec    .         Reflect  .   (no cloak)
rCorr    .         Harm     .   W - +1 pair of gloves of Proximity {+Blink Int-2 Dex+4}
MR       .....                  (no boots)
Stlth    +++++.....             V - amulet "Tuex Luadgh" {RegenMP rC- rN+ Int+2}
HPRegen  0.21/turn              N - ring of poison resistance
MPRegen  0.43/turn              D - +5 ring of protection

@: heroism
A: small, carnivore
a: Heroism, Finesse, Renounce Religion, Evoke Blink


You were on level 3 of the Lair of Beasts.
You worshipped Okawaru.
Okawaru was extremely pleased with you.
You were full.

You visited 3 branches of the dungeon, and saw 17 of its levels.

You collected 877 gold pieces.

Inventory:

Hand Weapons
 a - a +3 hand crossbow
 b - the +10 war axe of Descent (weapon) {chop, rC++}
   (You took it off a gnoll on level 9 of the Dungeon)

   It inflicts extra damage upon your enemies.
   It greatly protects you from cold.
 J - a +2 dagger of venom
 Q - the +10 shortbow of Wounding {venom, Dex+5, unknown}
   (You found it on level 10 of the Dungeon)

   It poisons the ammo it fires.
   It affects your dexterity (+5).
Missiles
 g - 115 bolts
 p - 64 poisoned darts (quivered)
 S - 73 arrows
Armour
 d - a +1 chain mail of fire resistance
 j - +1 steam dragon scales (worn)
 y - a +2 helmet (worn)
 z - the +1 robe of Eqoezuh {rF- rN+ rCorr Int+3}
   (You found it on level 6 of the Dungeon)

   It affects your intelligence (+3).
   It makes you vulnerable to fire.
   It protects you from negative energy.
   It provides partial protection from all sources of acid and corrosion.
 W - the +1 pair of gloves of Proximity (worn) {+Blink Int-2 Dex+4}
   (Okawaru gifted it to you on level 2 of the Lair of Beasts)

   It affects your intelligence (-2).
   It affects your dexterity (+4).
   It lets you blink.
Jewellery
 c - an uncursed ring of ice
 r - an uncursed amulet of the acrobat
 x - a +2 ring of evasion
 C - an uncursed ring of protection from cold
 D - a +5 ring of protection (right hand)
 L - an uncursed ring of resist corrosion
 N - a ring of poison resistance (left hand)
 P - an uncursed ring of protection from fire {unknown}
 V - the amulet "Tuex Luadgh" (around neck) {RegenMP rC- rN+ Int+2}
   (You found it on level 2 of the Lair of Beasts)

   [amulet of magic regeneration]

   It increases your magic regeneration.
   It affects your intelligence (+2).
   It makes you vulnerable to cold.
   It protects you from negative energy.
Wands
 i - a wand of disintegration (30)
 k - a wand of flame (59)
 I - a wand of scattershot (5)
Scrolls
 e - a scroll of vulnerability {unknown}
 t - 7 scrolls of teleportation
 w - 4 scrolls of amnesia
 A - a scroll of random uselessness {unknown}
 B - 7 scrolls of remove curse
 F - 2 scrolls of silence
 G - a scroll of acquirement {unknown}
 H - 2 scrolls of holy word
 T - a scroll of enchant armour
 U - a scroll of enchant weapon
 X - a scroll of fog
Potions
 h - 2 potions of resistance
 l - a potion of magic {unknown}
 m - 4 potions of haste
 n - a potion of cancellation
 o - a potion of brilliance {unknown}
 q - 2 potions of ambrosia {unknown}
 s - a potion of degeneration {unknown}
 u - 3 potions of invisibility {unknown}
 v - 2 potions of flight {unknown}
 E - a potion of might {unknown}
 K - a potion of agility {unknown}
 M - 3 potions of lignification {unknown}
 R - a potion of curing
Miscellaneous
 O - a phial of floods
Comestibles
 f - 28 rations


   Skills:
 - Level 4.0(9.0) Fighting
 - Level 5.0(10.0) Short Blades
 * Level 9.3(14.3) Axes
 + Level 13.2(18.2) Crossbows
 - Level 5.0(10.0) Dodging
 - Level 5.0(10.0) Stealth
 - Level 6.3 Spellcasting
 - Level 11.1 Hexes
 - Level 2.0 Charms
 - Level 3.1 Invocations
 - Level 3.0 Evocations


You had 10 spell levels left.
You knew the following spells:

 Your Spells              Type           Power        Failure   Level  Hunger
a - Corona                Hex            #####..      1%          1    None
b - Slow                  Hex            #####...     1%          2    #......
c - Portal Projectile     Hex/Tloc       ###...       4%          3    ###....
d - Cause Fear            Hex            #####.....   1%          4    ####...
e - Inner Flame           Hex/Fire       ###.....     4%          3    ###....
f - Infusion              Chrm           ##..         7%          1    None

Your spell library contained the following spells:

 Spells                   Type           Power        Failure   Level  Hunger
 Spectral Weapon          Hex/Chrm       ###.....     3%          3    ###....
 Song of Slaying          Chrm           ##......     10%         2    #......
 Flame Tongue             Conj/Fire      #....        16%         1    None
 Shroud of Golubria       Chrm/Tloc      #.....       16%         2    #......
 Leda's Liquefaction      Hex/Erth       ###.......   16%         4    ####...
 Throw Flame              Conj/Fire      #.....       22%         2    #......
 Regeneration             Chrm/Necr      #.........   30%         3    ###....
 Conjure Flame            Conj/Fire      #.......     41%         3    ###....
 Sticky Flame             Conj/Fire      #.......     83%         4    ####...
 Fireball                 Conj/Fire      #.........   99%         5    ######.


Dungeon Overview and Level Annotations

Branches:
Dungeon (12/15)            Temple (1/1) D:7            Lair (4/6) D:8
  Swamp (0/4) Lair:3        Snake (0/4) Lair:2          Orc (0/2) D:10

Altars:
Ashenzari
Cheibriados
Dithmenos
Elyvilon
Fedhas
Gozag
Hepliaklqana
Kikubaaqudgha
Makhleb
Nemelex Xobeh
Okawaru
Qazlal
Ru
Sif Muna
Trog
Uskayaw
Vehumet
Wu Jian
Xom
Yredelemnul
Zin
The Shining One

Shops:
D:9 [   D:10 *

Annotations:
D:8 exclusions: wight and 1 more exclusion
Lair:2 3 runed translucent doors, Syrutz's ghost, journeyman OgTm; hudiniq's ghost, journeyman MiBe


Innate Abilities, Weirdness & Mutations

You are small and have problems with some larger weapons.
You are carnivorous and can eat meat at any time.


Message History

You feel sick.
You feel sick. The soldier ant closely misses you.
You feel sick.
You feel sick.
You feel sick.
Okay, then.
You feel better. The soldier ant barely misses you.
You hit the soldier ant but do no damage.
The soldier ant is severely wounded.
You hit the soldier ant.
You are no longer corroded.
The soldier ant stings you but does no damage.
The soldier ant stings you!
* * * LOW HITPOINT WARNING * * *
You gain the combat prowess of a mighty hero.
The soldier ant stings you.
* * * LOW HITPOINT WARNING * * *
The soldier ant stings you!
You die...

####...### ###
#.##..†..####.####### #
###.##..>...#.........#
###.#...................#
........................#
.......#...............##
......##.......aaa###P##
.......#.....###aa# ###
#.#PP.###....###@##
####.........##..#
..............#..#
....)........##..###
...................######
...#...........#....P##.###
..............#...........#
.............##....P#.#.#.#
.............##....####...#


You could see 5 soldier ants.

Vanquished Creatures
  Harold (D:9)
  A hydra (Lair:1)
  Fannar (Lair:3)
  A two-headed ogre (D:8)
  A queen ant (Lair:3)
  Nergalle (Lair:4)
  A lindwurm (Lair:2)
  An oklob plant (Lair:3)
  3 black mambas
  6 spiny frogs
  5 komodo dragons
  5 polar bears
  A troll (D:8)
  A hornet (D:7)
  2 tyrant leeches (Lair:3)
  2 hippogriffs
  9 blink frogs
  4 wyverns
  12 yaks
  11 soldier ants
  2 swamp worms
  A steam dragon (D:10)
  9 water moccasins
  4 nagas (Lair:2)
  2 hell hounds (Lair:2)
  4 porcupines
  3 sky beasts
  An orc warrior (D:8)
  An ice beast (D:9)
  A black bear (D:8)
  An eye of draining (D:10)
  3 ogres
  10 wolves
  4 phantoms
  2 centaurs
  6 crocodiles
  12 bullfrogs
  2 gnoll sergeants
  A scorpion (D:3)
  13 killer bees
  13 wights
  8 crimson imps
  2 bullfrog zombies
  A quasit (D:7)
  5 hounds
  2 jellies
  An orc priest (D:8)
  A bullfrog skeleton (D:5)
  A gnoll shaman (D:9)
  6 orc wizards
  A centaur skeleton (D:8)
  3 iguanas (D:8)
  15 worker ants
  A killer bee zombie (D:7)
  12 adders
  13 gnolls
  3 oozes
  An adder skeleton (D:5)
  4 worms
  A dart slug (D:1)
  2 leopard geckos
  23 orcs
  2 ball pythons
  A giant cockroach (D:1)
  10 goblins
  6 hobgoblins
  14 jackals
  8 kobolds
  4 quokkas
  11 bats
  6 frilled lizards
  A jackal skeleton (D:7)
  A leopard gecko skeleton (D:4)
  2 quokka skeletons (D:4)
  5 rats
  A butterfly (Lair:2)
  2 plants (Lair:3)
344 creatures vanquished.

Vanquished Creatures (others)
  A hound (D:10)
  5 fungi
  3 plants
9 creatures vanquished.

Grand Total: 353 creatures vanquished

Notes
Turn   | Place    | Note
-------+----------+-------------------------------------------
     0 | D:1      | Eightlegvermin the Kobold Arcane Marksman began the quest
                  | for the Orb.
     0 | D:1      | Reached XP level 1. HP: 12/12 MP: 2/2
   109 | D:1      | Reached skill level 1 in Stealth
   153 | D:1      | Reached XP level 2. HP: 16/16 MP: 3/3
   316 | D:1      | Reached skill level 3 in Crossbows
   365 | D:1      | Reached XP level 3. HP: 18/20 MP: 2/4
   750 | D:1      | Reached skill level 1 in Short Blades
  1410 | D:2      | Reached XP level 4. HP: 25/25 MP: 2/5
  2637 | D:3      | Reached skill level 1 in Evocations
  2637 | D:3      | Reached XP level 5. HP: 29/29 MP: 6/6
  3052 | D:4      | Reached skill level 4 in Crossbows
  3077 | D:4      | Noticed a phantom
  3405 | D:4      | Killed a phantom
  3405 | D:4      | Reached XP level 6. HP: 10/34 MP: 7/7
  3627 | D:4      | Reached skill level 5 in Short Blades
  4111 | D:4      | Found an iron altar of Okawaru.
  4117 | D:4      | Became a worshipper of Warmaster Okawaru
  4435 | D:4      | Reached skill level 5 in Crossbows
  4499 | D:4      | Reached XP level 7. HP: 34/38 MP: 9/9
  4515 | D:4      | Learned a level 2 spell: Slow
  4807 | D:5      | Entered Level 5 of the Dungeon
  4904 | D:5      | Reached skill level 6 in Crossbows
  5236 | D:5      | Reached skill level 7 in Crossbows
  5833 | D:6      | Got a colourful robe
  6006 | D:6      | Reached skill level 8 in Crossbows
  6006 | D:6      | Reached XP level 8. HP: 39/43 MP: 10/10
  6052 | D:6      | Reached * piety under Okawaru
  6438 | D:6      | Reached skill level 9 in Crossbows
  6721 | D:6      | Noticed a two-headed ogre
  7428 | D:7      | Identified the +1 robe of Eqoezuh {rF- rN+ rCorr Int+3}
                  | (You found it on level 6 of the Dungeon)
  7846 | D:7      | Noticed a hornet
  8154 | D:7      | Reached skill level 1 in Invocations
  8170 | D:7      | Reached ** piety under Okawaru
  8261 | D:7      | Found a staircase to the Ecumenical Temple.
  8296 | D:8      | Reached XP level 9. HP: 50/50 MP: 11/11
  8335 | D:7      | Learned a level 3 spell: Portal Projectile
  8369 | D:8      | Found a staircase to the Lair.
  8808 | D:8      | Found a glowing silver altar of Zin.
  8812 | D:8      | Found a hide-covered altar of Uskayaw.
  8859 | D:8      | Noticed a +0 dagger
  8859 | D:8      | Noticed a +0 dagger
  9253 | D:7      | Killed a hornet
  9253 | D:7      | Reached skill level 10 in Crossbows
  9285 | D:7      | Reached *** piety under Okawaru
  9285 | D:7      | Reached skill level 5 in Dodging
  9841 | D:8      | Reached skill level 5 in Hexes
  9993 | D:8      | Received a gift from Okawaru
 10733 | Temple   | Entered the Ecumenical Temple
 11038 | D:8      | Reached XP level 10. HP: 44/56 MP: 12/12
 11044 | D:8      | Learned a level 4 spell: Cause Fear
 13503 | D:8      | Reached **** piety under Okawaru
 13674 | D:9      | Noticed a two-headed ogre
 14294 | D:8      | Killed a two-headed ogre
 14294 | D:8      | Received a gift from Okawaru
 14300 | D:8      | Learned a level 3 spell: Inner Flame
 14438 | D:9      | Received a gift from Okawaru
 14468 | D:9      | Reached skill level 5 in Spellcasting
 14468 | D:9      | Reached XP level 11. HP: 58/61 MP: 16/18
 14495 | D:9      | Found Waoboit's Armour Shop.
 14539 | D:9      | Identified the +10 war axe of Descent {chop, rC++}
 14616 | D:9      | Reached skill level 10 in Hexes
 15033 | D:10     | Entered Level 10 of the Dungeon
 15033 | D:10     | Found a staircase to the Orcish Mines.
 15255 | D:10     | Noticed Harold
 15559 | D:8      | Received a gift from Okawaru
 15808 | D:9      | Killed Harold
 15889 | D:10     | Found Ifyedek's Assorted Antiques.
 15928 | D:10     | Found an iron altar of Okawaru.
 15937 | D:10     | Got an ivory shortbow
 16078 | D:10     | You fall into a shaft and drop 2 floors!
 16418 | Lair:1   | Entered Level 1 of the Lair of Beasts
 16437 | Lair:1   | Reached skill level 1 in Axes
 16547 | Lair:1   | Received a gift from Okawaru
 16988 | Lair:1   | Reached ***** piety under Okawaru
 17381 | Lair:1   | Received a gift from Okawaru
 17492 | Lair:1   | Reached skill level 5 in Stealth
 17749 | Lair:1   | Reached XP level 12. HP: 30/66 MP: 21/21
 17980 | Lair:1   | Received a gift from Okawaru
 18199 | Lair:1   | Learned a level 1 spell: Infusion
 18385 | Lair:1   | Reached skill level 11 in Crossbows
 18460 | Lair:1   | Reached skill level 1 in Charms
 18529 | Lair:1   | Noticed an eight-headed hydra
 18537 | Lair:1   | Killed an eight-headed hydra
 18537 | Lair:1   | Reached skill level 5 in Axes
 18944 | Lair:2   | Received a gift from Okawaru
 19227 | Lair:2   | Found a runed translucent gate.
 19228 | Lair:2   | Found a runed translucent gate.
 19229 | Lair:2   | Found a runed translucent gate.
 19231 | Lair:2   | Noticed Syrutz's ghost (journeyman OgTm)
 19231 | Lair:2   | Noticed hudiniq's ghost (journeyman MiBe)
 19398 | Lair:2   | Found a dark tunnel.
 19851 | Lair:2   | Received a gift from Okawaru
 20139 | Lair:2   | Found a staircase to the Snake Pit.
 20203 | Lair:2   | Got a scintillating emerald amulet
 20301 | Lair:2   | Received a gift from Okawaru
 20304 | Lair:2   | Got a pair of jewelled gloves {god gift}
 20315 | Lair:2   | Identified the +1 pair of gloves of Proximity {+Blink Int-2
                  | Dex+4} (Okawaru gifted it to you on level 2 of the Lair of
                  | Beasts)
 20460 | Lair:2   | Identified the amulet "Tuex Luadgh" {RegenMP rC- rN+ Int+2}
                  | (You found it on level 2 of the Lair of Beasts)
 21071 | Lair:3   | Reached skill level 12 in Crossbows
 21365 | Lair:3   | Noticed Fannar
 21379 | Lair:3   | Killed Fannar
 21504 | Lair:3   | Reached XP level 13. HP: 70/70 MP: 22/22
 22370 | Lair:3   | Found a staircase to the Swamp.
 23428 | Lair:4   | Noticed Nergalle
 23797 | Lair:4   | Killed Nergalle
 24259 | Lair:4   | Noticed an entropy weaver
 24415 | Lair:4   | Noticed an entropy weaver
 24619 | Lair:3   | Reached skill level 13 in Crossbows
 25114 | Lair:3   | Slain by a soldier ant

Levels and vault maps discovered:
D:1:      minmay_arrival_five_plusses, layout_basic
D:2:      layout_loops_ring
D:3:      layout_basic
D:4:      layout_gridville, okawaru_ov_weapons_minmay, first_ration
D:5:      layout_loops_ring
D:6:      layout_basic, minmay_misc_feat_columns
D:7:      layout_loops_corners, minmay_temple_entry_arrows, grunt_ogre_cave
D:8:      layout_basic, dancing_weapons_uskayaw, dpeg_oklobed_lair,
          lemuel_tele_altar
D:9:      layout_rooms, serial_shops, kennysheep_mini
D:10:     layout_cave_pools, orc_0_dummy, serial_column_ruins,
          column_ruins_hut_ruined, column_ruins_temple_circle,
          column_ruins_columns_corner, column_ruins_open_small,
          column_ruins_open_small, column_ruins_corridor_dead_end,
          column_ruins_grid_3, column_ruins_corridor_T, serial_shops, shop,
          uniq_harold
D:11:     minmay_the_grid_triangle_9x9_rhombus_full
          [minmay_the_grid_triangle_9x9_skeleton,
          minmay_the_grid_triangle_9x9_tough_junction,
          minmay_the_grid_triangle_9x9_cache,
          minmay_the_grid_triangle_9x9_impossible_snake,
          minmay_the_grid_triangle_9x9_sparse_checkered,
          minmay_the_grid_triangle_9x9_longest,
          minmay_the_grid_triangle_9x9_empty,
          minmay_the_grid_triangle_9x9_prize_top_heavy], layout_loops_ring,
          corexii_corridor_pit
D:12:     layout_long_grid, serial_shops, shop, portal_ice_cave_entry_pillars_1,
          uniq_urug
Temple:   regret_index_temple_chain_breaker
Lair:1:   layout_concentric_octagons, st_stairs_13, grunt_megastairs_5,
          infiniplex_staircase_pool_2
Lair:2:   layout_roguey, minmay_snake_entry_guardpost_small, enter_volcano_3,
          gammafunk_ghost_cemetery, lemuel_fruit_fields
Lair:3:   layout_gridlike, minmay_swamp_entry_worms, cheibrodos_lair_lostbears,
          minmay_lair_oklob_chamber, uniq_fannar
Lair:4:   lemuel_reptile_caves, layout_regular_city,
          chequers_serial_rivers_micro_e, minivault_29, uniq_nergalle

Skill      XL: |  1  2  3  4  5  6  7  8  9 10 11 12 13 |
---------------+----------------------------------------+-----
Stealth        | 1 2 3 5 |  5.0
Crossbows      | 3 4 5 8 9 10 12 13 | 13.2
Short Blades   | 1 3 4 5 |  5.0
Evocations     | 1 2 3 |  3.0
Dodging        | 4 5 |  5.0
Fighting       | 3 4 |  4.0
Invocations    | 1 3 |  3.1
Hexes          | 6 9 11 | 11.1
Spellcasting   | 5 6 |  6.3
Axes           | 3 7 9 |  9.3
Charms         | 2 |  2.0

Action                   |  1- 3 |  4- 6 |  7- 9 | 10-12 | 13-15 || total
-------------------------+-------+-------+-------+-------+-------++-------
Melee: Dagger            |    94 |   133 |   376 |   233 |       ||   836
       War axe           |       |       |       |    39 |    67 ||   106
 Fire: Hand crossbow     |    29 |    58 |    91 |   640 |   283 ||  1101
Throw: Dart              |       |     2 |    10 |     3 |       ||    15
 Cast: Corona            |    28 |    49 |    73 |    41 |    14 ||   205
       Slow              |       |       |    20 |    49 |    23 ||    92
       Cause Fear        |       |       |       |     2 |       ||     2
       Portal Projectile |       |       |       |     5 |     5 ||    10
       Infusion          |       |       |       |     1 |     3 ||     4
Invok: Heroism           |       |       |       |       |     1 ||     1
Evoke: Wand              |       |       |       |     1 |       ||     1
  Use: Scroll            |     5 |     3 |    10 |    10 |       ||    28
       Potion            |       |     1 |       |     8 |     5 ||    14
 Stab: Sleeping          |     3 |     5 |     6 |     6 |     2 ||    22
  Eat: Chunk             |    10 |    13 |    23 |    34 |     9 ||    89
       Ration            |       |       |     1 |       |       ||     1
Armor: Robe              |    10 |       |       |       |       ||    10
       Leather armour    |    20 |    22 |    62 |    62 |       ||   166
       Chain mail        |       |       |     2 |       |       ||     2
       Steam dragon scal |       |       |       |   103 |   119 ||   222
Dodge: Dodged            |   102 |   135 |   329 |   703 |   234 ||  1503

Table legend:
 A = Non-vault XP
 B = Vault XP
 C = Vault XP percentage of total XP
 D = Non-vault monster count
 E = Vault monster count
 F = Vault count percentage of total count
                 A         B        C        D         E       F
            +---------+---------+-------+---------+---------+-------
      Total |   25390 |   10156 |  28.6 |     296 |      46 |  13.5
            +---------+---------+-------+---------+---------+-------
        D:1 |      58 |       0 |   0.0 |      26 |       0 |   0.0
        D:2 |      46 |       0 |   0.0 |      16 |       0 |   0.0
        D:3 |     154 |       0 |   0.0 |      22 |       0 |   0.0
        D:4 |     264 |       0 |   0.0 |      17 |       0 |   0.0
        D:5 |     413 |       0 |   0.0 |      18 |       0 |   0.0
        D:6 |     543 |       0 |   0.0 |      13 |       0 |   0.0
        D:7 |    1306 |     116 |   8.2 |      27 |       1 |   3.6
        D:8 |    4798 |       0 |   0.0 |      54 |       0 |   0.0
        D:9 |    1634 |    1044 |  39.0 |      26 |       1 |   3.7
       D:10 |    1042 |       0 |   0.0 |      13 |       0 |   0.0
     Lair:1 |    6506 |     551 |   7.8 |      29 |       2 |   6.5
     Lair:2 |    4654 |    1697 |  26.7 |      16 |       9 |  36.0
     Lair:3 |    3531 |    3932 |  52.7 |      16 |      11 |  40.7
     Lair:4 |     441 |    2816 |  86.5 |       3 |      22 |  88.0
            +---------+---------+-------+---------+---------+-------
